 Dungeon Crawl Stone Soup version 0.18-a0-816-g97f838e (webtiles) character file.

196 ololoev the Chopper (level 5, -12/57 HPs)
             Began as a Demonspawn Gladiator on Dec 15, 2015.
             Blew themself up (16 damage)
             ... with a disintegration bolt
             ... on level 3 of the Dungeon.
             The game lasted 00:04:28 (2467 turns).

ololoev the Chopper (Demonspawn Gladiator)          Turns: 2467, Time: 00:04:28

Health: -12/57     AC: 22    Str: 17    XL:     5   Next: 46%
Magic:  5/5        EV:  2    Int:  9    God:
Gold:   102        SH:  0    Dex: 18    Spells: 0 memorised, 4 levels left

rFire  + . .     SeeInvis .     a - +0 war axe
rCold  . . .     Clarity  .     (armour currently unavailable)
rNeg   + + +     SustAt   +     (no shield)
rPois  +         Gourm    .     (helmet currently unavailable)
rElec  .         Spirit   .     (cloak currently unavailable)
rCorr  .         Dismiss  .     (gloves currently unavailable)
rMut   .         NoTele   +     (boots currently unavailable)
MR     .....                    (no amulet)
Stlth  +++.......               n - ring of protection from fire
                                l - ring of sustain attributes

@: agile, lethally poisoned (-12 -> -21), tree-form, very slightly contaminated,
hasted, very quick, not resistant to hostile enchantments, fairly stealthy
A: (talons 0), powered by pain 1
a: no special abilities


Innate Abilities, Weirdness & Mutations

((You have sharp toenails.))
You sometimes gain a little power by taking damage.

Inventory:

Hand Weapons
 a - a +0 war axe (weapon)
Missiles
 d - 3 throwing nets (quivered)
Armour
 c - a +0 helmet (melded)
 e - a cursed +0 ring mail (melded)
 m - a +0 scale mail
Jewellery
 l - a ring of sustain attributes (left branch)
 n - a ring of protection from fire (right branch)
Wands
 s - a wand of random effects (18)
Scrolls
 g - a scroll of enchant armour {unknown}
 h - 2 scrolls of remove curse {unknown}
 i - a scroll of magic mapping {unknown}
 j - 3 scrolls of enchant weapon {unknown}
 q - a scroll of amnesia {unknown}
Potions
 o - a potion of lignification
Comestibles
 f - 4 bread rations
 k - 2 meat rations
 r - 3 chunks of flesh


   Skills:
 - Level 2.0 Fighting
 * Level 4.8 Axes
 - Level 1.7 Throwing
 + Level 2.5 Armour
 - Level 2.6 Dodging


You had 4 spell levels left.
You didn't know any spells.


You were on level 3 of the Dungeon.
You were not hungry.
You were a tree.
You visited 1 branch of the dungeon, and saw 3 of its levels.

You collected 102 gold pieces.

##### .....
### ##.....
####..
[......
#.....
.....
#.##.# ...
#.##.##†#
#.....♣.#
#.##.##.#
#.##.##.#
###.......#
#...##.####
#.####.#
#.# ##.#
#.# #..#
#.# #.##

Notes
Turn   | Place    | Note
--------------------------------------------------------------
     0 | D:1      | ololoev the Demonspawn Gladiator began the quest for the Orb.
     0 | D:1      | Reached XP level 1. HP: 16/16 MP: 1/1
   172 | D:1      | Reached skill level 3 in Axes
   174 | D:1      | Gained mutation: You sometimes gain a little power by taking damage. [demonic ancestry]
   174 | D:1      | Reached XP level 2. HP: 9/22 MP: 2/2
   422 | D:1      | Reached skill level 1 in Armour
  1035 | D:2      | HP: 1/22 [kobold/whip of holy wrath (4)]
  1340 | D:2      | Gained mutation: You have sharp toenails. [demonic ancestry]
  1340 | D:2      | Reached XP level 3. HP: 17/27 MP: 3/3
  1894 | D:2      | Noticed Natasha
  1900 | D:2      | Killed Natasha
  1900 | D:2      | Reached XP level 4. HP: 17/33 MP: 4/4
  1905 | D:2      | Reached skill level 4 in Axes
  2135 | D:2      | Noticed Natasha
  2153 | D:2      | Killed Natasha
  2175 | D:2      | Noticed Natasha
  2182 | D:2      | Killed Natasha
  2192 | D:2      | Reached XP level 5. HP: 38/38 MP: 5/5
  2260 | D:2      | Found a burning altar of Makhleb.
  2467 | D:3      | Blew themself up

Dungeon Overview and Level Annotations

Branches:
Dungeon (3/15)

Altars:
Makhleb


Message History

You are very lightly contaminated with residual magic.
Drink which item? (? for menu, Esc to quit)
It was a potion of lignification.
You turn into a tree.
Your +0 helmet melds into your body.
Your cursed +0 ring mail melds into your body.
Your roots penetrate the ground.
You feel sick.
You feel sick.
You feel sick.
You feel sick.
Drink which item? (? for menu, Esc to quit)
It was a potion of agility.
You feel agile all of a sudden.
You feel sick.
Evoke which item? (* to show all) (? for menu, Esc to quit)
Okay, then.
You feel sick.
You feel sick.
You feel sick.
You feel sick.
You feel sick.
Evoke which item? (* to show all) (? for menu, Esc to quit)
Zapping:
s - a wand of random effects (will waste charges)
Press: ? - help, Shift-Dir - straight line, f - you Really target yourself?
You feel as though your hastened speed will last longer.
Evoking this partially-identified wand wasted a few charges.
You feel sick.
Evoke which item? (* to show all) (? for menu, Esc to quit)
Zapping:
s - a wand of random effects {zapped: 3} (will waste charges)
Press: ? - help, Shift-Dir - straight line, f - you Really target yourself?
The puff of frost hits you!
Evoking this partially-identified wand wasted a few charges.
You feel sick.
Evoke which item? (* to show all) (? for menu, Esc to quit)
Zapping:
s - a wand of random effects {zapped: 5} (will waste charges)
Press: ? - help, Shift-Dir - straight line, f - you Really target yourself?
You are blasted!
You die...

There were no monsters in sight!

Vanquished Creatures
  A hound (D:2)
  A worker ant (D:3)
  Natasha (thrice) (D:2)
  An adder (D:2)
  4 gnolls (D:2)
  An ooze (D:1)
  3 giant geckos (D:2)
  2 ball pythons (D:1)
  8 hobgoblins
  A jackal (D:2)
  7 bats
  4 giant cockroaches
  2 giant newts (D:2)
  5 goblins
  7 kobolds
  A quokka (D:2)
  6 rats
57 creatures vanquished.

Action                   |  1- 3 |  4- 6 || total
-------------------------+-------+-------++-------
Melee: War axe           |   125 |    48 ||   173
Throw: Throwing net      |     3 |       ||     3
Evoke: Wand              |       |     2 ||     2
  Use: Potion            |       |     3 ||     3
  Eat: Chunk             |     3 |     2 ||     5

Vault maps used:
D:1:      dpeg_arrival_water_fire
D:2:      makhleb_heckhound_becter, kennysheep_big_empty_room, uniq_natasha
D:3:      lemuel_round_altar, overflow_temple_1_default, first_bread,
          cheibrodos_ashenzari_chains
